 Dungeon Crawl Stone Soup version 0.28-a0-1286-g6bde065e89 (webtiles) character file.

Game seed: 7600067447350550806

2631 blank1 the Skirmisher (level 9, -2/96 HPs)
             Began as a Troll Monk on Dec 27, 2021.
             Was a Believer of Okawaru.
             Slain by a hornet (11 damage)
             ... on level 8 of the Dungeon.
             The game lasted 00:12:28 (5690 turns).

blank1 the Skirmisher (Troll Monk)                  Turns: 5690, Time: 00:12:28

Health: -2/96      AC:  5    Str: 23    XL:     9   Next: 35%
Magic:  10/10      EV: 16    Int:  6    God:    Okawaru [**....]
Gold:   369        SH:  0    Dex: 14    Spells: 8/8 levels left

rFire   . . .      SeeInvis .     - Unarmed
rCold   + . .      Faith    .   (no shield)
rNeg    . . .      Spirit   .   a - +0 robe
rPois   .          Reflect  .   (helmet restricted)
rElec   .          Harm     .   i - +0 cloak
rCorr   .          Rampage  .   (gloves unavailable)
Will    .....                   (boots unavailable)
Stlth   ++........              (no amulet)
HPRegen 1.06/turn               b - +4 ring of evasion
MPRegen 0.12/turn               v - ring of protection from cold

@: lethally poisoned (-2 -> -3), slowed, very slow
A: large, unfitting armour, claws 3, regeneration 1, shaggy fur 1, tough skin 1
a: Renounce Religion, Heroism


You were on level 8 of the Dungeon.
You worshipped Okawaru.
Okawaru was pleased with you.
You visited 2 branches of the dungeon, and saw 9 of its levels.

You collected 369 gold pieces.

Inventory:

Hand Weapons
 t - a +2 flail of draining
 u - the +6 great mace of Tuc Amaa {chaos, rC+ rN+ MP+9}
   (You found it on level 6 of the Dungeon)

   Each time it hits an enemy it has a different, random effect.
   rC:        It protects you from cold.
   rN:        It protects you from negative energy.
   MP:        It affects your magic capacity (+9).
Missiles
 h - 6 javelins (quivered)
Armour
 a - a +0 robe (worn)
 i - a +0 cloak (worn)
 y - a scarf of invisibility
Jewellery
 b - a +4 ring of evasion (left claw)
 v - a ring of protection from cold (right claw)
Wands
 n - a wand of mindburst (19)
 q - a wand of paralysis (4)
 s - a wand of iceblast (8)
Scrolls
 f - 4 scrolls of immolation
 j - 2 scrolls of blinking
 l - a scroll of identify
 o - a scroll of amnesia
 p - 4 scrolls of teleportation
Potions
 c - 4 potions of attraction
 d - 3 potions of curing
 e - 2 potions of brilliance
 g - a potion of might
 k - 2 potions of mutation
 m - a potion of lignification
 r - a potion of flight {unknown}
 w - a potion of invisibility
 x - 2 potions of ambrosia {unknown}


   Skills:
 + Level 7.8 Fighting
 - Level 1.0 Throwing
 - Level 1.0 Armour
 - Level 6.0 Dodging
 - Level 1.0 Stealth
 - Level 6.0 Unarmed Combat
 - Level 3.0 Invocations


You had 8 spell levels left.
You didn't know any spells.
Your spell library contained the following spells:

 Spells                   Type           Power      Damage    Failure   Level
 Portal Projectile        Hex/Tloc       0%         N/A       83%         3
 Blade Hands              Tmut           0%         N/A       100%        5
 Excruciating Wounds      Necr           0%         N/A       100%        5


Dungeon Overview and Level Annotations

Branches:
Dungeon (8/15)             Temple (1/1) D:5
   Lair: D:8-11

Altars:
Ashenzari
Cheibriados
Dithmenos
Elyvilon
Fedhas
Gozag
Hepliaklqana
Kikubaaqudgha
Makhleb
Okawaru
Qazlal
Ru
Sif Muna
Uskayaw
Vehumet
Wu Jian
Xom

Shops:
D:5 *


Innate Abilities, Weirdness & Mutations

You are too large for most types of armour.
You have claws for hands.
Your natural rate of healing is unusually fast.
You are covered in fur. (AC +1)
You have tough skin. (AC +1)


Message History

The hornet misses you. The hornet completely misses you.
The hornet barely misses you. The hornet barely misses you.
The hornet misses you. The hornet barely misses you. The hornet misses you.
The hornet barely misses you. The hornet barely misses you.
You flicker for a moment.
The hornet stings you!
* * * LOW HITPOINT WARNING * * *
You feel as though you will be slow longer.
You feel yourself speed up.
You flicker back into view.
There is a stone staircase leading down here.
You mangle the hornet!!
The hornet is almost dead.
The hornet stings you.
You feel yourself slow down.
You miss the hornet.
The hornet is almost dead.
You feel yourself speed up. The hornet barely misses you.
The hornet stings you.
You are poisoned.
You feel yourself slow down. The hornet misses you.
You closely miss the hornet.
The hornet is almost dead.
You feel very sick. The hornet misses you.
You miss the hornet.
The hornet is almost dead.
You feel yourself speed up.
You feel very sick. The hornet stings you.
* * * LOW HITPOINT WARNING * * *
You feel yourself slow down. The hornet misses you. The hornet stings you!
* * * LOW HITPOINT WARNING * * *
You feel as though you will be slow longer.
You barely miss the hornet.
The hornet is almost dead.
You feel sick. The hornet stings you!
You die...

#.# #.#.#####
#.###################........
#.#..........................
#.#.#######...y.)............
#.#.# #.##########.......
#.#.# #.#################
#.#.# ##>.................
##.#.######..y.#######.######
#.........+..@.##.......#
####.######....##.......# #.#
#....##.......###### #.#
###.###............. #.#
.......<.......... #.#
#....#####.#...... #.# #....
#.#...... #.# ..## #.#......
####.#......


You could see a hornet.

Vanquished Creatures
  Grinder (D:3)
  Sigmund (D:3)
  2 sky beasts (D:7)
  An ogre (D:4)
  3 necrophages (D:4)
  2 phantoms
  2 bullfrogs
  A water moccasin zombie (D:4)
  5 scorpions
  A water moccasin skeleton (D:4)
  A jelly (D:5)
  4 wights (D:6)
  2 howler monkeys
  2 centaur zombies
  A bullfrog zombie (D:4)
  3 hounds
  A bullfrog skeleton (D:6)
  Crazy Yiuf (D:3)
  An orc priest (D:5)
  A centaur skeleton (D:6)
  4 iguanas
  An iron imp (D:3)
  5 orc wizards
  2 hound zombies (D:4)
  Robin (D:3)
  A howler monkey skeleton (D:7)
  4 adders
  A white imp (D:6)
  A worm (D:2)
  4 dart slugs
  23 orcs
  5 bats
  6 endoplasms
  4 giant cockroaches
  17 goblins
  9 hobgoblins
  8 kobolds
  2 quokkas
  6 ball pythons
  4 frilled lizards
  A rat (D:1)
  2 bushes (D:4)
147 creatures vanquished.

Vanquished Creatures (others)
  10 plants (D:4)
10 creatures vanquished.

Grand Total: 157 creatures vanquished

Notes
Turn   | Place    | Note
-------+----------+-------------------------------------------
     0 | D:1      | blank1 the Troll Monk began the quest for the Orb.
     0 | D:1      | Reached XP level 1. HP: 22/22 MP: 0/0
   115 | D:1      | Reached XP level 2. HP: 29/29 MP: 1/1
   540 | D:1      | Reached XP level 3. HP: 33/36 MP: 2/2
   998 | D:2      | Reached skill level 3 in Fighting
  1392 | D:3      | Noticed Grinder
  1431 | D:3      | Reached XP level 4. HP: 45/45 MP: 3/3
  1435 | D:3      | Paralysed by Grinder for 4 turns
  1458 | D:3      | Killed Grinder
  1459 | D:3      | Reached skill level 4 in Fighting
  1459 | D:3      | Reached skill level 1 in Throwing
  1459 | D:3      | Reached XP level 5. HP: 45/54 MP: 4/4
  1546 | D:3      | Noticed Robin
  1557 | D:3      | Killed Robin
  1558 | D:3      | Reached XP level 6. HP: 37/62 MP: 5/5
  1600 | D:3      | Found a broken altar of Ashenzari.
  1646 | D:3      | Found a snail-covered altar of Cheibriados.
  1745 | D:3      | Noticed Sigmund
  1845 | D:3      | Killed Sigmund
  1896 | D:3      | Found a stormy altar of Qazlal.
  1942 | D:3      | Found a runed translucent door.
  1943 | D:3      | Noticed Crazy Yiuf
  2155 | D:3      | Killed Crazy Yiuf
  2156 | D:3      | Reached XP level 7. HP: 70/71 MP: 6/6
  2198 | D:4      | Reached skill level 5 in Unarmed Combat
  2238 | D:4      | Reached skill level 5 in Fighting
  2336 | D:4      | Found an ornate altar of the Wu Jian Council.
  2726 | D:4      | Reached skill level 5 in Dodging
  2940 | D:4      | Found a blossoming altar of Fedhas.
  3434 | D:4      | Reached XP level 8. HP: 70/80 MP: 7/7
  3552 | D:5      | Entered Level 5 of the Dungeon
  3582 | D:5      | Found a shadowy altar of Dithmenos.
  3659 | D:5      | Reached skill level 6 in Fighting
  3725 | D:5      | Found Xinwuyss's Neck Hole.
  3839 | D:5      | Reached skill level 1 in Armour
  4004 | D:5      | Found a staircase to the Ecumenical Temple.
  4067 | Temple   | Entered the Ecumenical Temple
  4116 | Temple   | Became a worshipper of Warmaster Okawaru
  4116 | Temple   | Reached * piety under Okawaru
  4116 | Temple   | Reached ** piety under Okawaru
  4302 | D:5      | Found an opulent altar of Gozag.
  4304 | D:5      | Found Gozag's Platinum Reserve.
  4430 | D:6      | Reached skill level 1 in Invocations
  4474 | D:6      | Identified the +6 great mace of Tuc Amaa {chaos, rC+ rN+
                  | MP+9}
  4633 | D:6      | Reached XP level 9. HP: 76/92 MP: 10/10
  5075 | D:7      | Reached skill level 7 in Fighting
  5441 | D:7      | Found a radiant altar of Vehumet.
  5658 | D:8      | Paralysed by a hornet for 1 turns
  5690 | D:8      | Slain by a hornet

Illustrated notes

Levels and vault maps discovered:
D:1:      wander_arrival_fairy_ring, layout_loops_cross, serial_glass,
          glass_columns_c, glass_columns_a, chequers_serial_rivers_micro_c,
          item_on_display_a
D:2:      layout_loops_ring, minmay_misc_feat_tower
D:3:      layout_rooms, nicolae_qazlal_scattered_showers,
          ashenzari_conservatory_becter, slow_altar_1, uniq_robin,
          uniq_crazy_yiuf_cottage, uniq_sigmund, uniq_grinder
D:4:      layout_basic, fedhas_altar_decomposition,
          pdpol_wu_jian_five_deadly_venoms
D:5:      layout_basic, nicolae_gozag_zags_fifth_avenue, grunt_dithmenos_smoke,
          minmay_temple_entry_enclosed_plants, minivault_25,
          kennysheep_cross_bottleneck, nicolae_shop_sticking_my_neck_out
D:6:      layout_cave_pools, minivault_27
D:7:      layout_rooms, nicolae_vehumet_radiance
D:8:      layout_basic, mainiacjoe_overflow_alcove_4, gammafunk_ghost_smash,
          uniq_maggie
Temple:   kb_temple_of_zot

Skill      XL: |  1  2  3  4  5  6  7  8  9 |
---------------+----------------------------+-----
Dodging        | 3 4 5 6 |  6.0
Fighting       | 3 4 5 6 7 |  7.8
Throwing       | 1 |  1.0
Unarmed Combat | 4 5 6 |  6.0
Armour         | 1 |  1.0
Invocations    | 3 |  3.0
Stealth        | |  1.0

Action                   |  1- 3 |  4- 6 |  7- 9 || total
-------------------------+-------+-------+-------++-------
Melee: Unarmed           |   113 |    75 |   298 ||   486
       Punch             |     1 |     2 |     6 ||     9
Throw: Javelin           |     3 |       |     4 ||     7
  Use: Scroll            |     2 |     2 |     9 ||    13
       Potion            |       |       |     2 ||     2
Armor: Robe              |    45 |    18 |    50 ||   113
Dodge: Dodged            |    67 |    34 |   156 ||   257

Table legend: (Time is in decaauts)
 A = Elapsed time spent in this place.
 B = Non-inter-level travel time spent in this place.
 C = Inter-level travel time spent in this place.
 D = Time resting spent in this place.
 E = Time spent auto-exploring this place.
 F = Levels seen in this place.
 G = Mean time per level.
                   A        B        C        D        E       F      G
               +--------+--------+--------+--------+--------+-----+--------+
         Total |   5665 |   5346 |    319 |     61 |   3949 |   9 |  629.4 |
       Dungeon |   5552 |   5248 |    304 |     61 |   3868 |   8 |  694.0 |
        Temple |    112 |     97 |     15 |      0 |     81 |   1 |  112.0 |
               +--------+--------+--------+--------+--------+-----+--------+

Top non-repeatable levels by time:
     D:4: 1349 daAuts
     D:2: 811 daAuts
     D:5: 745 daAuts
     D:3: 743 daAuts
     D:6: 633 daAuts
     D:1: 626 daAuts
     D:7: 473 daAuts
     D:8: 170 daAuts
  Temple: 112 daAuts
